[Event "BL 2018-19"]
[Site "Berlin"]
[Date "2019.04.07"]
[Round "15.4"]
[White "Sprenger, Jan Michael"]
[Black "Ftacnik, Lubomir"]
[Result "1-0"]
[ECO "B90"]
[WhiteElo "2490"]
[BlackElo "2512"]
[Annotator "ChessBase"]
[PlyCount "55"]
[EventDate "2018.11.10"]
[EventType "team-tourn"]
[EventCountry "GER"]
[SourceTitle "playchess.com"]
[Source "ChessBase"]
[SourceQuality "1"]
[WhiteTeam "SF Berlin"]
[BlackTeam "Hamburg SK"]
[TimeControl "40/6000+30:3000+30"]

1. e4 c5 2. Nf3 d6 3. d4 cxd4 4. Nxd4 Nf6 5. Nc3 a6 6. h3 e5 7. Nde2 Be7 8. g4 h6 9. Bg2 Nbd7 10. O-O b5 11. Ng3 g6 12. f4 Bb7 13. g5 hxg5 14. fxg5 Nh5 15. Nxh5 Rxh5 16. Qf3 Rh7 17. h4 Rc8 18. Rf2 b4 19. Nd5 Bxd5 20. exd5 Qa5 21. h5 gxh5 22. Bh3 Rc7 23. Be6 fxe6 24. dxe6 Nf8 25. Qa8+ Bd8 26. Rxf8+ Kxf8 27. Qxd8+ Kg7 28. Be3 1-0

[Event "BL 2018-19"]
[Site "Berlin"]
[Date "2019.04.07"]
[Round "15.4"]
[White "Ginsburg, Gennadi"]
[Black "Zysk, Robert"]
[Result "1/2-1/2"]
[ECO "B06"]
[WhiteElo "2418"]
[BlackElo "2404"]
[Annotator "NA RC"]
[PlyCount "119"]
[EventDate "2018.11.10"]
[EventType "team-tourn"]
[EventCountry "GER"]
[SourceTitle "playchess.com"]
[Source "ChessBase"]
[SourceQuality "1"]
[WhiteTeam "SV Hofheim"]
[BlackTeam "Zugzwang Muenchen"]
[TimeControl "40/6000+30:3000+30"]

1. e4 g6 2. d4 Bg7 3. Nc3 d6 4. h3 a6 5. a4 b6 {[%emt 0:02:22] B06: Modern Defence} 6. Nf3 {[%emt 0:01:33] LiveBook: 27 Games} (6. g4 Bb7 7. Bg2 e6 8. Nge2 Nd7 9. Be3 h5 10. Rg1 hxg4 11. hxg4 c5 12. Qd2 Ne7 13. f4 cxd4 14. Nxd4 {½-½ (32) Chigaev,M (2542)-Dubov,D (2666) Kolomna 2016}) 6... Bb7 7. Bc4 e6 8. Bg5 Ne7 9. Qd2 h6 10. Bf4 Nd7 11. O-O Nf6 12. Rfe1 g5 13. Bh2 g4 14. hxg4 Nxg4 15. Nd1 $146 ({Predecessor:} 15. Bg3) 15... Ng6 16. d5 $1 e5 17. Ne3 Nxe3 18. Qxe3 h5 19. a5 b5 20. Bf1 Bh6 21. Qb3 Bc8 22. c4 bxc4 23. Qxc4 O-O 24. Ra3 f6 25. Re2 Rf7 26. Rc2 Rg7 27. Rb3 Bg4 28. Rcc3 Bf4 (28... Qc8 $11 {remains equal.}) 29. Rb7 Bxf3 30. Rxf3 Qc8 31. Qc6 Rb8 32. Rxb8 Qxb8 33. b3 Qb4 34. Bxf4 Nxf4 35. Rxf4 exf4 36. Qe8+ Kh7 37. e5 Qe4 38. Qxh5+ Kg8 39. Qe8+ Kh7 40. Qh5+ Kg8 41. exf6 Rg6 42. f7+ Kxf7 43. Qh7+ Kf6 44. Qxc7 Qxd5 45. Qd8+ Ke5 46. Qe8+ Qe6 47. Qxe6+ Rxe6 48. Bxa6 Kd4 ({Black should try} 48... d5 $17 49. Bf1 Kd6) 49. Bb7 Kc5 50. a6 Kb6 51. b4 Re5 52. g4 fxg3 53. fxg3 d5 54. Kf2 d4 55. g4 d3 56. b5 $19 d2 57. Bf3 Rxb5 58. Ke2 Rb3 59. Bb7 Rg3 60. Kxd2 1/2-1/2

[Event "BL 2018-19"]
[Site "Berlin"]
[Date "2019.04.07"]
[Round "15.5"]
[White "Heinemann, Thies"]
[Black "Schreiner, Peter"]
[Result "1/2-1/2"]
[ECO "C68"]
[WhiteElo "2521"]
[BlackElo "2480"]
[Annotator "ChessBase"]
[PlyCount "53"]
[EventDate "2018.11.10"]
[EventType "team-tourn"]
[EventCountry "GER"]
[SourceTitle "playchess.com"]
[Source "ChessBase"]
[SourceQuality "1"]
[WhiteTeam "Hamburg SK"]
[BlackTeam "SF Berlin"]
[TimeControl "40/6000+30:3000+30"]

1. e4 e5 2. Nf3 Nc6 3. Bb5 a6 4. Bxc6 dxc6 5. O-O Bd6 6. d4 exd4 7. Qxd4 f6 8. Be3 Ne7 9. Nbd2 Be6 10. Rfd1 Ng6 11. Nc4 Bxc4 12. Qxc4 Qe7 13. Bd4 O-O-O 14. Re1 Rd7 15. Bc3 Ne5 16. Nxe5 Bxe5 17. Re2 h5 18. Rae1 h4 19. Re3 Rhd8 20. a3 g5 21. h3 Rd1 22. Kf1 Rxe1+ 23. Kxe1 Bf4 24. Bb4 Qe5 25. Bc3 Qe7 26. Bb4 Qe5 27. Bc3 1/2-1/2

[Event "BL 2018-19"]
[Site "Berlin"]
[Date "2019.04.07"]
[Round "15.5"]
[White "Bromberger, Stefan"]
[Black "Womacka, Mathias"]
[Result "1-0"]
[ECO "E11"]
[WhiteElo "2474"]
[BlackElo "2449"]
[Annotator "ChessBase"]
[PlyCount "97"]
[EventDate "2018.11.10"]
[EventType "team-tourn"]
[EventCountry "GER"]
[SourceTitle "playchess.com"]
[Source "ChessBase"]
[SourceQuality "1"]
[WhiteTeam "Zugzwang Muenchen"]
[BlackTeam "SV Hofheim"]
[TimeControl "40/6000+30:3000+30"]

1. d4 Nf6 2. c4 e6 3. Nf3 Bb4+ 4. Nbd2 O-O 5. a3 Be7 6. e4 d5 7. e5 Nfd7 8. Bd3 c5 9. b4 cxd4 10. cxd5 exd5 11. O-O a5 12. bxa5 Nc5 13. Nb3 Nxd3 14. Qxd3 Nc6 15. Bd2 b6 16. Rfc1 Ba6 17. Qf5 Bc4 18. Nfxd4 Nxd4 19. Nxd4 bxa5 20. Rc3 Qb6 21. Rh3 Qg6 22. Rg3 Qb6 23. Be3 Bc5 24. Rb1 Qa6 25. e6 fxe6 26. Rxg7+ Kxg7 27. Nxe6+ Kg8 28. Qg4+ Kf7 29. Nxc5 Qg6 30. Rb7+ Kg8 31. Qxg6+ hxg6 32. Bd4 Rf7 33. Rb6 Kh7 34. Ne6 Re7 35. Bf6 Rd7 36. Rc6 Re8 37. h4 a4 38. Ng5+ Kh6 39. Nf3 Bb3 40. Ne5 Rxe5 41. Bxe5 d4 42. Rc8 g5 43. Rc6+ Kh5 44. f3 g4 45. Bf4 gxf3 46. gxf3 Rg7+ 47. Kf2 Rg6 48. Rc5+ Kxh4 49. Rc1 1-0

[Event "BL 2018-19"]
[Site "Berlin"]
[Date "2019.04.07"]
[Round "15.6"]
[White "Blohberger, Felix"]
[Black "Rogozenco, Dorian"]
[Result "1-0"]
[ECO "C41"]
[WhiteElo "2434"]
[BlackElo "2495"]
[Annotator "ChessBase"]
[PlyCount "147"]
[EventDate "2018.11.10"]
[EventType "team-tourn"]
[EventCountry "GER"]
[SourceTitle "playchess.com"]
[Source "ChessBase"]
[SourceQuality "1"]
[WhiteTeam "SF Berlin"]
[BlackTeam "Hamburg SK"]
[TimeControl "40/6000+30:3000+30"]

1. e4 d6 2. d4 Nf6 3. Nc3 e5 4. Nf3 Nbd7 5. Bc4 Be7 6. O-O O-O 7. Re1 c6 8. a4 a5 9. b3 Nb6 10. Bf1 exd4 11. Nxd4 d5 12. e5 Ne8 13. Bb2 g6 14. Nce2 Ng7 15. Nf4 f6 16. Nd3 fxe5 17. Nxe5 Bf6 18. Qd2 Qc7 19. Ndf3 Bf5 20. Bd3 Bxd3 21. Qxd3 Nf5 22. Rad1 Rad8 23. Bc3 Nc8 24. Ng4 Bxc3 25. Qxc3 Rd6 26. Ng5 h5 27. Ne3 Qd8 28. Nxf5 Rxf5 29. h4 Rf8 30. Re2 b6 31. Rde1 Qf6 32. Qd3 Qf5 33. Qd4 c5 34. Qc3 Rdf6 35. f3 Nd6 36. Re7 d4 37. Qd2 Nf7 38. Nxf7 R6xf7 39. Qh6 d3 40. cxd3 c4 41. Rxf7 Qxf7 42. bxc4 Re8 43. Rb1 Qf6 44. Qg5 Qd4+ 45. Kh2 Kg7 46. Rb5 Qd6+ 47. Qg3 Qxd3 48. Rxb6 Re7 49. Qg5 Rf7 50. Qe5+ Kh7 51. Rb8 Rg7 52. Rc8 Qd7 53. Qb8 Rf7 54. Rh8+ Kg7 55. Qe5+ Rf6 56. Ra8 Kf7 57. Rf8+ Kxf8 58. Qxf6+ Kg8 59. Qxg6+ Kf8 60. Qf6+ Kg8 61. Qg5+ Kf8 62. Qxa5 Qd6+ 63. g3 Qd1 64. Qc5+ Kg7 65. Qe5+ Kf8 66. Qh8+ Ke7 67. Qg7+ Ke8 68. Qe5+ Kf8 69. Qh8+ Ke7 70. Qxh5 Qe2+ 71. Kh3 Qf1+ 72. Kg4 Qxc4+ 73. f4 Qe6+ 74. Qf5 1-0

[Event "BL 2018-19"]
[Site "Berlin"]
[Date "2019.04.07"]
[Round "15.6"]
[White "Lobzhanidze, Davit"]
[Black "Gerigk, Erasmus"]
[Result "1/2-1/2"]
[ECO "B30"]
[WhiteElo "2428"]
[BlackElo "2355"]
[Annotator "NA"]
[PlyCount "145"]
[EventDate "2018.11.10"]
[EventType "team-tourn"]
[EventCountry "GER"]
[SourceTitle "playchess.com"]
[Source "ChessBase"]
[SourceQuality "1"]
[WhiteTeam "SV Hofheim"]
[BlackTeam "Zugzwang Muenchen"]
[TimeControl "40/6000+30:3000+30"]

1. e4 c5 2. Nf3 Nc6 3. Nc3 e5 4. Bc4 Be7 5. d3 d6 6. Nd2 Bg5 {[%emt 0:00:49] B30: Sicilian: 2...Nc6 3 Bb5, lines without ...g6} (6... Nf6 7. Nf1 Bg4 8. f3 Be6 9. Ne3 O-O 10. O-O Nh5 11. g3 Bg5 12. Ncd5 Bxe3+ 13. Bxe3 Ne7 14. Bg5 Bxd5 15. Bxd5 h6 16. Bxe7 Qxe7 17. f4 Nf6 18. Bb3 {½-½ (57) Bacrot,E (2725)-Yu,Y (2751) Riadh 2017}) 7. h4 Bxd2+ 8. Bxd2 Nf6 9. Bg5 h6 10. Bxf6 Qxf6 11. Nd5 Qd8 12. Ne3 Be6 13. Bxe6 fxe6 14. Qh5+ Kd7 $146 15. Qf7+ Qe7 16. Qxe7+ Kxe7 17. h5 Rhf8 18. Rh3 Rf4 19. f3 Rf7 20. a4 Rd8 21. O-O-O Kf8 22. Re1 Rdd7 23. Ng4 Rd8 24. Rhh1 Ke7 25. c3 Rc8 26. Kc2 Rd8 27. Rh3 Rc8 28. Rhh1 Rd8 29. Rhf1 Rdf8 30. Rf2 Nb8 31. Rd2 Rc8 32. Ne3 Rf4 33. Rh1 Rf7 34. Kb1 Nc6 35. Re1 Rf4 36. Ng4 Rcf8 37. Kc2 Kd7 38. Kb1 Ke7 39. Rde2 Kd7 40. Rd1 Ke7 41. Kc2 Kd7 42. Rh1 Ke7 43. Ne3 R4f7 44. Rf2 Nb8 45. Kd2 Nd7 46. Ke2 Rb8 47. Ra1 Nf6 48. Rh1 b5 49. axb5 Rxb5 50. Kd1 Rf8 51. Kc1 Rfb8 52. g3 d5 53. exd5 Nxd5 54. Nd1 Nb6 (54... Ra5 $14) 55. Rh4 Ra5 56. Re4 Ra1+ 57. Kc2 $1 Nd7 58. Ne3 Rh1 59. g4 Rf8 60. Kd2 ({Better is} 60. Nc4 $16) 60... Rf4 $1 61. Ng2 Rxe4 $11 62. dxe4 c4 63. Ne3 Nb6 64. Kc2 Re1 65. Kd2 Rh1 66. Kc2 Re1 67. Nd1 a5 68. Kd2 Rg1 69. Ke2 Na4 70. Rf1 Rg2+ 71. Rf2 Rg1 72. Rf1 Rg2+ 73. Rf2 1/2-1/2

[Event "BL 2018-19"]
[Site "Berlin"]
[Date "2019.04.07"]
[Round "15.7"]
[White "Smeets, Jan"]
[Black "Heimann, Andreas"]
[Result "1/2-1/2"]
[ECO "C67"]
[WhiteElo "2602"]
[BlackElo "2601"]
[Annotator "RC"]
[PlyCount "117"]
[EventDate "2018.11.10"]
[EventType "team-tourn"]
[EventCountry "GER"]
[SourceTitle "playchess.com"]
[Source "ChessBase"]
[SourceQuality "1"]
[WhiteTeam "Solingen"]
[BlackTeam "SF Deizisau"]
[TimeControl "40/6000+30:3000+30"]

1. e4 e5 2. Nf3 Nc6 3. Bb5 Nf6 4. O-O Nxe4 5. d4 Nd6 6. Bxc6 dxc6 7. dxe5 Nf5 8. Qxd8+ Kxd8 9. h3 Be7 10. Rd1+ Ke8 11. g4 Nh4 12. Nxh4 Bxh4 13. Bf4 h5 14. f3 Be6 15. Nc3 Be7 16. Kg2 Rd8 17. a3 a5 18. Bg3 c5 19. Rxd8+ Kxd8 20. Nd5 hxg4 21. hxg4 Bxd5 22. Rd1 c6 23. c4 Kd7 24. cxd5 cxd5 25. Rxd5+ Ke6 26. Rd3 c4 27. Rd4 Rd8 28. Rxc4 Rd2+ 29. Kh3 Rxb2 30. f4 g6 31. a4 Rb4 32. Rc7 Bd8 33. f5+ gxf5 34. gxf5+ Kxf5 35. Rxf7+ Ke6 36. Rf8 Be7 37. Rb8 Rxa4 38. Rxb7 Re4 39. Kg2 a4 40. Kf3 Rc4 41. Ke2 a3 42. Ra7 Bb4 43. Ra6+ Kd5 44. e6 Re4+ 45. Kd3 Rd4+ 46. Ke3 Bc5 47. Kf3 Rd3+ 48. Kg4 Kc4 49. Bh4 Rd4+ 50. Kh5 Kb3 51. Bf6 Re4 52. Kg6 a2 53. Kf7 Re1 54. e7 Bxe7 55. Bxe7 a1=Q 56. Rxa1 Rxa1 57. Ke6 Kc4 58. Bf6 Re1+ 59. Kd6 {[%emt 0:00:07] Kd5+} 1/2-1/2

[Event "BL 2018-19"]
[Site "Berlin"]
[Date "2019.04.07"]
[Round "15.7"]
[White "Engel, Luis"]
[Black "Seyb, Alexander"]
[Result "1-0"]
[ECO "B09"]
[WhiteElo "2459"]
[BlackElo "2416"]
[Annotator "ChessBase"]
[PlyCount "79"]
[EventDate "2018.11.10"]
[EventType "team-tourn"]
[EventCountry "GER"]
[SourceTitle "playchess.com"]
[Source "ChessBase"]
[SourceQuality "1"]
[WhiteTeam "Hamburg SK"]
[BlackTeam "SF Berlin"]
[TimeControl "40/6000+30:3000+30"]

1. e4 d6 2. d4 Nf6 3. Nc3 g6 4. f4 Bg7 5. Bd3 O-O 6. Nf3 Nc6 7. Be2 Bg4 8. d5 Nb4 9. Be3 Nd7 10. O-O e5 11. dxe6 fxe6 12. Ng5 Bxe2 13. Qxe2 Qe7 14. a3 Nc6 15. Rae1 Rae8 16. Qd3 Nb6 17. Kh1 Qd7 18. Bxb6 axb6 19. e5 h6 20. Nge4 d5 21. Ng3 Ne7 22. Nb5 Ra8 23. c4 Rad8 24. Rd1 Qc8 25. Nc3 h5 26. Nge2 c6 27. Nd4 Nf5 28. Nxf5 gxf5 29. cxd5 cxd5 30. Nb5 Qc4 31. Nd4 Kf7 32. Qg3 Rc8 33. Nxe6 Kxe6 34. Qxg7 Qc6 35. Rd3 Rf7 36. Qg6+ Ke7 37. Qg5+ Ke6 38. Rc3 Qd7 39. Qg6+ Ke7 40. e6 1-0

[Event "BL 2018-19"]
[Site "Berlin"]
[Date "2019.04.07"]
[Round "15.7"]
[White "Hoffmeyer, Falk"]
[Black "Gurevich, Vladimir"]
[Result "1/2-1/2"]
[ECO "A47"]
[WhiteElo "2337"]
[BlackElo "2469"]
[Annotator "ChessBase"]
[PlyCount "42"]
[EventDate "2018.11.10"]
[EventType "team-tourn"]
[EventCountry "GER"]
[SourceTitle "playchess.com"]
[Source "ChessBase"]
[SourceQuality "1"]
[WhiteTeam "Zugzwang Muenchen"]
[BlackTeam "SV Hofheim"]
[TimeControl "40/6000+30:3000+30"]

1. d4 e6 2. Nf3 Nf6 3. Bf4 b6 4. e3 Bb7 5. Bd3 d6 6. h3 g6 7. O-O Bg7 8. Nbd2 O-O 9. Bh2 Nc6 10. c3 e5 11. dxe5 dxe5 12. Qc2 Qe7 13. Be2 a5 14. a4 Nd7 15. Nc4 Nc5 16. Rfd1 f6 17. Nfd2 f5 18. Bf3 e4 19. Be2 g5 20. Nb3 Nxb3 21. Qxb3 Kh8 1/2-1/2

[Event "BL 2018-19"]
[Site "Berlin"]
[Date "2019.04.07"]
[Round "15.8"]
[White "Kollars, Dmitrij"]
[Black "Nikolic, Predrag"]
[Result "1-0"]
[ECO "A28"]
[WhiteElo "2542"]
[BlackElo "2576"]
[Annotator "ChessBase"]
[PlyCount "133"]
[EventDate "2018.11.10"]
[EventType "team-tourn"]
[EventCountry "GER"]
[SourceTitle "playchess.com"]
[Source "ChessBase"]
[SourceQuality "1"]
[WhiteTeam "SF Deizisau"]
[BlackTeam "Solingen"]
[TimeControl "40/6000+30:3000+30"]

1. c4 e5 2. Nc3 Nf6 3. Nf3 Nc6 4. e3 Be7 5. Qb3 O-O 6. Be2 b6 7. O-O Bb7 8. d3 Re8 9. Bd2 Bf8 10. Nd5 d6 11. Rac1 e4 12. dxe4 Nxe4 13. Rfd1 Nxd2 14. Rxd2 Ne5 15. Qd1 Nd7 16. Nd4 a6 17. Bf3 Qb8 18. Nf4 Ne5 19. Bd5 c6 20. Be4 g6 21. b4 Rd8 22. Qb3 Ra7 23. a4 Ba8 24. Qb1 d5 25. cxd5 cxd5 26. Bd3 Nc4 27. Bxc4 dxc4 28. Rxc4 Rc7 29. Rxc7 Qxc7 30. b5 axb5 31. Nxb5 Qc8 32. Rxd8 Qxd8 33. Qd3 Qc8 34. Nc3 Bg7 35. Nfd5 Bxd5 36. Nxd5 Qc1+ 37. Qf1 Qc5 38. Qd1 h5 39. g3 b5 40. axb5 Qxb5 41. Qf3 Qd7 42. e4 Bd4 43. Kg2 Kg7 44. h3 Qd6 45. Nf4 Be5 46. Nd3 Bd4 47. Qe2 Qc6 48. Ne1 Qc3 49. Nf3 Qb2 50. Qxb2 Bxb2 51. Ne1 Kf6 52. Nd3 Bd4 53. f4 Ke6 54. Kf3 Bb6 55. Nb4 Bc5 56. Nc2 Bb6 57. Ne3 Bc5 58. Ke2 Bb6 59. f5+ gxf5 60. exf5+ Kd7 61. Nd5 Bd8 62. Kf3 Kd6 63. Ke4 h4 64. g4 Ba5 65. Ne3 Be1 66. Nc4+ Ke7 67. g5 1-0

[Event "BL 2018-19"]
[Site "Berlin"]
[Date "2019.04.07"]
[Round "15.8"]
[White "Schmidek, Emil"]
[Black "Sebastian, Dirk"]
[Result "0-1"]
[ECO "C75"]
[WhiteElo "2387"]
[BlackElo "2442"]
[Annotator "NA"]
[PlyCount "72"]
[EventDate "2018.11.10"]
[EventType "team-tourn"]
[EventCountry "GER"]
[SourceTitle "playchess.com"]
[Source "ChessBase"]
[SourceQuality "1"]
[WhiteTeam "SF Berlin"]
[BlackTeam "Hamburg SK"]
[TimeControl "40/6000+30:3000+30"]

1. e4 e5 2. Nf3 Nc6 3. Bb5 a6 4. Ba4 d6 5. c3 Bd7 6. O-O g6 7. d4 Bg7 8. d5 Nce7 9. Bxd7+ Qxd7 10. c4 h6 11. Nc3 f5 12. Nd2 {C76: Ruy Lopez: Deferred Steinitz: 5 c3 Bd7 6 d4 g6} (12. exf5 gxf5 13. Ne1 Nf6 14. f4 e4 15. Nc2 c5 16. dxc6 bxc6 17. Be3 O-O 18. Qd2 c5 19. h3 Qe6 {1-0 (51) Zhao,J (2604)-Sargissian,G (2672) Riadh 2017}) 12... Nf6 13. b4 {LiveBook: 11 Games} O-O 14. f3 c6 15. Nb3 (15. Qb3 $11) 15... b5 $146 ({Predecessor:} 15... cxd5 16. cxd5 Rac8 17. Qd3 Qc7 18. Bb2 fxe4 19. fxe4 Qb6+ 20. Kh1 Ng4 21. Nd1 Qxb4 22. Rxf8+ Rxf8 23. h3 Qxe4 {0-1 (23) Everett,E (2190)-Hess,M (2271) Austria 2017}) 16. c5 Rfd8 17. Be3 fxe4 18. fxe4 cxd5 19. exd5 Nf5 $11 20. Bf2 Qf7 21. c6 e4 22. Bb6 Rdb8 23. Bd4 Re8 24. Rc1 h5 25. Bxf6 Qxf6 26. Qe2 Bh6 27. Nxe4 Qh4 28. Rce1 Be3+ 29. Nf2 Bf4 30. Qxe8+ Rxe8 31. Rxe8+ Kf7 32. Nh3 Bxh2+ 33. Kxh2 Qg3+ 34. Kh1 Kxe8 35. Nf4 Ne3 36. Rc1 Ng4 0-1

[Event "BL 2018-19"]
[Site "Berlin"]
[Date "2019.04.07"]
[Round "15.8"]
[White "Margolin, Boris"]
[Black "Lammers, Markus"]
[Result "1/2-1/2"]
[ECO "C48"]
[WhiteElo "2386"]
[BlackElo "2298"]
[Annotator "NA"]
[PlyCount "146"]
[EventDate "2018.11.10"]
[EventType "team-tourn"]
[EventCountry "GER"]
[SourceTitle "playchess.com"]
[Source "ChessBase"]
[SourceQuality "1"]
[WhiteTeam "SV Hofheim"]
[BlackTeam "Zugzwang Muenchen"]
[TimeControl "40/6000+30:3000+30"]

1. e4 e5 2. Nf3 Nf6 3. Nc3 Nc6 4. Bb5 Bd6 5. O-O {[%emt 0:01:55] C48: Four Knights: 4 Bb5, replies other than 4...Bb4} (5. d3 h6 6. a3 O-O 7. g4 Be7 8. g5 hxg5 9. Bxg5 Nd4 10. Rg1 Nxb5 11. Nxb5 c6 12. Bh6 Ne8 13. Qd2 {0-1 (51) Maze,S (2596)-Alekseenko,K (2637) chess.com INT 2019}) 5... O-O 6. a3 Re8 7. d3 Bf8 8. Bc4 h6 9. Re1 d6 10. h3 Ne7 $146 ({Predecessor:} 10... Be6 11. Bxe6 Rxe6 12. Nd5 Ne7 13. Nxf6+ Rxf6 {½-½ (22) Frhat,A (2407)-Haddouche,M (2497) Marrakesh 2016}) 11. d4 Ng6 12. Bb3 c6 13. Be3 Qc7 14. d5 Nh7 15. Ne2 Nf6 16. Nc3 Ne7 17. Rc1 b5 18. Nxe5 dxe5 19. d6 Qd8 20. dxe7 Qxe7 21. Qf3 Be6 22. Bxe6 Qxe6 23. Red1 a5 24. Ne2 a4 25. Ng3 b4 26. axb4 Bxb4 27. Rd3 Red8 28. Rcd1 Rxd3 29. Rxd3 Kh7 30. Qd1 Be7 31. Bd2 Rb8 32. Bc3 Bc5 33. Rd8 Rb7 34. Qd3 h5 35. Qe2 g6 36. Qa6 h4 37. Nh1 Ra7 38. Qc8 Qxc8 39. Rxc8 Nxe4 40. Rxc6 f6 41. Kf1 Rb7 42. f3 Nxc3 43. Rxc5 Nd1 44. Nf2 Ne3+ 45. Ke2 Nxg2 46. Nd3 g5 47. Ra5 Nf4+ 48. Nxf4 gxf4 49. Rxa4 Rxb2 50. Kd3 Kg6 51. Ra1 Kf5 52. Rg1 $19 Ra2 53. Rg4 Ra3+ 54. Ke2 Rc3 55. Rxh4 Rxc2+ 56. Kf1 e4 57. fxe4+ Kxe4 58. Rh6 Kf3 59. Kg1 Rc1+ 60. Kh2 Rc2+ 61. Kg1 f5 62. Ra6 Rc1+ 63. Kh2 Rc2+ 64. Kg1 Rc1+ 65. Kh2 Kf2 66. Ra5 Re1 67. Rxf5 f3 68. h4 Re4 69. Kh3 Rd4 70. h5 Re4 71. h6 Re1 72. h7 Rh1+ 73. Kg4 Rxh7 1/2-1/2

[Event "BL 2018-19"]
[Site "Berlin"]
[Date "2019.04.07"]
[Round "15.13"]
[White "Hector, Jonny"]
[Black "Maiwald, Jens-Uwe"]
[Result "0-1"]
[ECO "B43"]
[WhiteElo "2495"]
[BlackElo "2443"]
[Annotator "RC"]
[PlyCount "136"]
[EventDate "2018.11.10"]
[EventType "team-tourn"]
[EventCountry "GER"]
[SourceTitle "playchess.com"]
[Source "ChessBase"]
[SourceQuality "1"]
[WhiteTeam "Kiel"]
[BlackTeam "Dresden"]
[TimeControl "40/6000+30:3000+30"]

1. e4 c5 2. Nf3 e6 3. d4 cxd4 4. Nxd4 a6 5. Nc3 Qc7 6. Bd3 Nf6 7. f4 Bb4 8. O-O Bc5 9. Nce2 d6 10. Kh1 e5 11. Nb3 Ba7 12. Qe1 Be6 13. Qg3 Nbd7 14. Bd2 h5 15. f5 Bxb3 16. axb3 Ng4 17. Nc3 Ndf6 18. Bg5 Qc5 19. Bh4 Qe3 20. Qxe3 Nxe3 21. Bxf6 gxf6 22. Rf3 Rd8 23. Re1 d5 24. Rfxe3 Bxe3 25. Nxd5 Bg5 26. Kg1 h4 27. Ra1 Kf8 28. b4 Kg7 29. Kf2 Rc8 30. Ke2 Rhd8 31. c4 Rxd5 32. exd5 e4 33. c5 exd3+ 34. Kxd3 Bf4 35. Kc4 Re8 36. b5 Re4+ 37. Kd3 Re3+ 38. Kd4 axb5 39. Ra7 Rb3 40. d6 Be3+ 41. Ke4 Bxc5 42. d7 Re3+ 43. Kf4 Rd3 44. Rxb7 b4 45. Kg4 Rd4+ 46. Kh5 Be7 47. b3 Bd8 48. Rb8 Be7 49. Rb7 h3 50. g3 Bd8 51. g4 Kf8 52. Kh4 Ke7 53. Kxh3 Rd3+ 54. Kg2 Rxb3 55. h4 Rb2+ 56. Kf3 Kd6 57. h5 Kc6 58. Rb8 Kc7 59. Rb5 Kxd7 60. h6 Bc7 61. h7 Rh2 62. Rxb4 Rxh7 63. Ra4 Rh3+ 64. Kg2 Rb3 65. Rd4+ Bd6 66. Ra4 Kc6 67. Ra6+ Kd5 68. Kf2 Ra3 0-1

[Event "BL 2018-19"]
[Site "Berlin"]
[Date "2019.04.07"]
[Round "15.15"]
[White "Hoi, Carsten"]
[Black "Hoffmann, Paul"]
[Result "1/2-1/2"]
[ECO "E48"]
[WhiteElo "2380"]
[BlackElo "2376"]
[Annotator "NA"]
[PlyCount "54"]
[EventDate "2018.11.10"]
[EventType "team-tourn"]
[EventCountry "GER"]
[SourceTitle "playchess.com"]
[Source "ChessBase"]
[SourceQuality "1"]
[WhiteTeam "Kiel"]
[BlackTeam "Dresden"]
[TimeControl "40/6000+30:3000+30"]

1. d4 Nf6 2. c4 e6 3. Nc3 Bb4 4. e3 O-O 5. Bd3 d5 6. Nge2 Be7 7. O-O c5 8. cxd5 exd5 9. dxc5 Bxc5 10. b3 Nc6 11. Bb2 a6 12. Nf4 Be6 13. Nce2 Ba7 $14 14. Rc1 Qe7 15. Bb1 Rad8 16. Nd4 Bd7 17. Nxc6 Bxc6 18. Bd4 Bb8 19. Bc5 Bd6 20. Bxd6 Qxd6 21. Qd4 g6 22. Rfd1 Ne8 23. Qc5 Qe5 24. Qd4 Qd6 25. Nd3 Nc7 26. Qe5 Ne6 27. Qxd6 Rxd6 1/2-1/2

[Event "BL 2018-19"]
[Site "Berlin"]
[Date "2019.04.07"]
[Round "15.16"]
[White "Moehn, Hans"]
[Black "Bromann, Thorbjorn"]
[Result "0-1"]
[ECO "A01"]
[WhiteElo "2371"]
[BlackElo "2396"]
[Annotator "NA"]
[PlyCount "134"]
[EventDate "2018.11.10"]
[EventType "team-tourn"]
[EventCountry "GER"]
[SourceTitle "playchess.com"]
[Source "ChessBase"]
[SourceQuality "1"]
[WhiteTeam "Dresden"]
[BlackTeam "Kiel"]
[TimeControl "40/6000+30:3000+30"]

1. b3 e5 2. Bb2 Nc6 3. e3 Nf6 4. c4 g6 5. Nf3 d6 6. d3 {[%emt 0:01:15] A01: Nimzowitsch-Larsen Opening} (6. d4 e4 7. Nfd2 Bg7 8. Nc3 Qe7 9. d5 Ne5 10. Ncxe4 Nxe4 11. Nxe4 Bg4 12. Qc1 O-O 13. Nd2 {1-0 (50) Nakamura,H (2777)-Hou,Y (2658) chess.com INT 2018}) 6... Bg7 7. Nbd2 O-O 8. a3 a5 9. Be2 h6 10. Qc2 Nh7 $146 ({Predecessor:} 10... Be6 11. O-O Ne8 {1-0 (36) Regis,G (2167)-Hankel,D (2170) Germany 2009}) 11. Bc3 f5 12. h3 Qe7 13. Rb1 Be6 14. d4 e4 15. d5 exf3 16. Nxf3 Bd7 17. dxc6 Bxc6 18. Bxg7 Qxg7 19. Qb2 Qe7 20. O-O Ng5 21. Rfd1 f4 22. exf4 Nxf3+ 23. Bxf3 Bxf3 24. gxf3 Rxf4 25. Kh2 Rxf3 26. Rg1 Kh7 27. Rbe1 Qf7 28. Re2 Rf8 29. Rg2 Qf6 30. Qxf6 R8xf6 31. Re7+ Rf7 32. Rxf7+ Rxf7 33. Kg3 Rf5 34. f4 g5 35. Re2 gxf4+ 36. Kf3 Re5 37. Rb2 Re3+ 38. Kxf4 Rxh3 39. Re2 Rxb3 40. Re7+ Kg6 41. Rxc7 Rxa3 42. Rd7 Ra4 43. Rxd6+ Kh5 44. Rd5+ Kh4 45. Rc5 h5 46. Kf3 b6 47. Rc6 Rb4 48. c5 bxc5 49. Rxc5 a4 50. Ra5 Rb3+ 51. Kf4 Rg3 52. Rc5 a3 53. Ra5 Rb3 54. Ra4 Rc3 55. Ra5 Rd3 56. Ke4 Rb3 57. Kf4 Rc3 58. Ra4 Kh3 59. Kg5 Kg3 60. Kxh5 Kf2 61. Kg4 Ke3 62. Kf5 Kd3 63. Ke5 Kc2 64. Kd4 Rh3 65. Ra8 Kb2 66. Rg8 a2 67. Rg2+ Kb3 0-1